 Dungeon Crawl Stone Soup version 0.19-a0-1494-gdfa627f (webtiles) character file.

5378 LORDOFBUTT the Cleaver (level 10, -3/91 HPs)
             Began as a Minotaur Fighter on Sept 9, 2016.
             Was a High Priest of Okawaru.
             Slain by a troll (9 damage)
             ... on level 9 of the Dungeon.
             The game lasted 00:07:35 (7766 turns).

LORDOFBUTT the Cleaver (Minotaur Fighter)           Turns: 7766, Time: 00:07:36

Health: -3/91      AC: 11    Str: 20    XL:     10   Next: 39%
Magic:  9/9        EV: 14    Int:  5    God:    Okawaru [*****.]
Gold:   499        SH:  0    Dex: 14    Spells: 0 memorised, 9 levels left

rFire  . . .     SeeInvis .     y - +1 battleaxe
rCold  . . .     Gourm    .     b - +0 scale mail
rNeg   . . .     Faith    .     (shield currently unavailable)
rPois  .         Spirit   .     (helmet restricted)
rElec  .         Dismiss  .     g - +2 cloak
rCorr  .         Reflect  .     (no gloves)
MR     .....     Harm     .     (no boots)
Stlth  ..........               (no amulet)
                                (no ring)
                                w - ring of flight

@: no status effects
A: retaliatory headbutt, horns 2
a: Heroism, Finesse, Renounce Religion, Evoke Flight


You were on level 9 of the Dungeon.
You worshipped Okawaru.
Okawaru was extremely pleased with you.
You were not hungry.

You visited 1 branch of the dungeon, and saw 9 of its levels.
You also visited: Ossuary.

You collected 499 gold pieces.

Inventory:

Hand Weapons
 a - a +1 war axe
 y - a +1 battleaxe (weapon)
Armour
 b - a +0 scale mail (worn)
 g - a +2 cloak (worn)
Jewellery
 d - a -2 ring of evasion
 i - an uncursed ring of ice
 w - a ring of flight (left hand)
Wands
 t - a wand of disintegration (10/24)
Scrolls
 e - 6 scrolls of identify
 j - 5 scrolls of remove curse
 k - a scroll of amnesia
 r - 4 scrolls of teleportation
 x - 2 scrolls of magic mapping
 B - a scroll of blinking
Potions
 c - 2 potions of mutation
 h - 2 potions of flight
 l - 6 potions of curing
 m - 4 potions of haste
 o - a potion of resistance
 q - a potion of berserk rage
 s - 2 potions of brilliance
 u - a potion of agility
 v - 3 potions of ambrosia
 z - a potion of lignification
 A - a potion of heal wounds {unknown}
 C - a potion of cure mutation {unknown}
Comestibles
 f - 6 bread rations
 n - 5 meat rations
 p - 6 fruits


   Skills:
 + Level 9.5 Fighting
 + Level 10.5 Axes
 + Level 8.9 Armour
 + Level 7.0 Dodging
 + Level 0.3 Stealth
   Level 6.9 Shields


You had 9 spell levels left.
You didn't know any spells.

Dungeon Overview and Level Annotations

Branches:
Dungeon (9/15)             Temple (0/1) D:7            Lair (0/6) D:9
    Orc: D:9-12

Altars:
Ashenzari
Cheibriados
Kikubaaqudgha
Okawaru
Ru
Sif Muna
Uskayaw
Xom
Yredelemnul
Zin
The Shining One

Shops:
D:5 *


Innate Abilities, Weirdness & Mutations

You reflexively headbutt those who attack you in melee.
You have a pair of horns on your head.


Message History

The troll barely misses you. The troll bites you!
The troll barely misses you. x2
The ogre hits you with a giant spiked club!!
* * * LOW HITPOINT WARNING * * *
You are too injured to fight recklessly!
You are too injured to fight recklessly!
You are too injured to fight recklessly!
You closely miss the troll.
The troll is moderately wounded.
The troll bites you but does no damage. The troll claws you.
* * * LOW HITPOINT WARNING * * *
The troll barely misses you.
You closely miss the troll.
The troll is lightly wounded.
The troll bites you!
* * * LOW HITPOINT WARNING * * *
The troll closely misses you. The troll misses you.
You barely miss the troll.
The troll is lightly wounded.
The troll closely misses you. The troll misses you. The troll claws you!
You die...

########################
........................
################.######
#.# #.# #@# #T# #O#
#......# #......# ######
#......# ......
#...##... #.#### #...#
5. #.# ..... .


You could see a troll and an ogre.

Vanquished Creatures
  Pikel (D:8)
  The ghost of Zjiaran the Poker, a novice MiCK of Xom (D:4)
  Joseph (D:8)
  A troll (D:9)
  Grum (D:8)
  2 hippogriffs (D:7)
  Menkaure (D:4)
  A water moccasin (D:5)
  A sky beast (D:5)
  3 orc warriors
  3 ice beasts
  5 centaurs
  2 ogres
  2 wolves (D:8)
  A giant frog (D:6)
  A big kobold (D:8)
  A gnoll sergeant (D:7)
  3 scorpions
  5 wights (D:6)
  4 killer bees (D:7)
  A howler monkey (D:8)
  4 crimson imps
  2 centaur zombies (Ossuary)
  A centaur skeleton (D:6)
  5 hounds
  2 orc priests (D:7)
  2 human zombies (Ossuary)
  7 orc wizards
  An iron imp (D:8)
  Jessica (D:3)
  3 worker ants
  2 killer bee zombies (D:7)
  2 big kobold zombies (Ossuary)
  2 hound zombies (D:5)
  3 mummies (Ossuary)
  A worker ant zombie (D:5)
  8 gnolls
  10 adders
  A shadow imp (D:7)
  An ooze (D:2)
  6 adder zombies
  3 dart slugs
  3 giant geckos
  23 orcs
  A ball python (D:5)
  7 giant cockroaches
  2 gnoll zombies (Ossuary)
  13 goblins
  8 hobgoblins
  7 jackals
  25 kobolds
  5 quokkas
  10 bats
  A giant gecko skeleton (D:4)
  3 giant newts
  A goblin skeleton (D:8)
  5 goblin zombies
  6 hobgoblin zombies
  A jackal skeleton (D:4)
  5 jackal zombies (Ossuary)
  A kobold skeleton (D:8)
  5 kobold zombies (Ossuary)
  2 orc skeletons (D:8)
  An orc zombie (D:8)
  A quokka skeleton (D:4)
  3 quokka zombies (Ossuary)
  15 rats
  4 rat zombies (Ossuary)
  A spectral orc (D:5)
  3 fungi (D:9)
  A plant (D:9)
271 creatures vanquished.

Vanquished Creatures (others)
  A slave (D:8)
  A worker ant (D:8)
  A fungus (D:9)
3 creatures vanquished.

Grand Total: 274 creatures vanquished

Notes
Turn   | Place    | Note
-------+----------+-------------------------------------------
     0 | D:1      | LORDOFBUTT the Minotaur Fighter began the quest for the Orb.
     0 | D:1      | Reached XP level 1. HP: 19/19 MP: 0/0
    92 | D:1      | Found an iron altar of Okawaru.
   173 | D:1      | Became a worshipper of Warmaster Okawaru
   256 | D:1      | Reached XP level 2. HP: 27/27 MP: 1/1
   867 | D:2      | Reached XP level 3. HP: 33/33 MP: 2/2
  1047 | D:2      | Reached skill level 3 in Axes
  1080 | D:2      | Reached XP level 4. HP: 35/41 MP: 3/3
  1204 | D:2      | Found a deep blue altar of Sif Muna.
  1270 | D:2      | Reached skill level 1 in Dodging
  1417 | D:3      | Reached XP level 5. HP: 38/47 MP: 4/4
  1428 | D:3      | Found a faded altar of an unknown god.
  1476 | D:3      | Noticed Jessica
  1481 | D:3      | Killed Jessica
  1481 | D:3      | Reached * piety under Okawaru
  1578 | D:3      | Reached skill level 4 in Axes
  1938 | D:4      | Found a shattered altar of Ashenzari.
  1991 | D:4      | Reached skill level 5 in Armour
  1991 | D:4      | Reached skill level 5 in Shields
  1991 | D:4      | Reached XP level 6. HP: 42/53 MP: 5/5
  2107 | D:4      | Found a sand-covered staircase.
  2196 | Ossuary  | Entered an ossuary
  2304 | Ossuary  | Reached skill level 5 in Axes
  2367 | Ossuary  | Reached skill level 5 in Fighting
  2396 | Ossuary  | Reached XP level 7. HP: 50/61 MP: 6/6
  2584 | D:4      | Noticed Zjiaran's ghost (novice MiCK)
  2597 | D:4      | Killed Zjiaran's ghost
  2597 | D:4      | Reached ** piety under Okawaru
  2597 | D:4      | Reached skill level 6 in Axes
  2763 | D:4      | Noticed Menkaure
  2772 | D:4      | Killed Menkaure
  2772 | D:4      | Reached XP level 8. HP: 33/70 MP: 7/7
  2915 | D:5      | Entered Level 5 of the Dungeon
  3015 | D:5      | Found a glowing silver altar of Zin.
  3019 | D:5      | Found Zin's Purification Station.
  3052 | D:5      | Reached skill level 7 in Axes
  3204 | D:5      | Reached *** piety under Okawaru
  3413 | D:5      | Found a basalt altar of Yredelemnul.
  4549 | D:6      | Reached skill level 8 in Axes
  4550 | D:6      | Reached XP level 9. HP: 36/79 MP: 8/8
  4743 | D:6      | Reached skill level 5 in Dodging
  4872 | D:6      | Reached **** piety under Okawaru
  5364 | D:7      | HP: 1/81 [orc warrior/dire flail (16)]
  5949 | D:7      | Reached skill level 9 in Axes
  6382 | D:7      | Found a staircase to the Ecumenical Temple.
  6529 | D:8      | Noticed Joseph
  6545 | D:8      | Killed Joseph
  6701 | D:8      | Found an ancient bone altar of Kikubaaqudgha.
  6718 | D:8      | Reached XP level 10. HP: 80/91 MP: 9/9
  6761 | D:8      | Found a sacrificial altar of Ru.
  6772 | D:8      | Noticed Grum
  6773 | D:8      | Noticed Pikel
  6784 | D:8      | Killed Pikel
  6784 | D:8      | Reached skill level 10 in Axes
  6791 | D:8      | Killed Grum
  6791 | D:8      | Reached ***** piety under Okawaru
  6819 | D:8      | Found a glowing golden altar of the Shining One.
  7043 | D:8      | Found a snail-covered altar of Cheibriados.
  7051 | D:8      | Found a hide-covered altar of Uskayaw.
  7057 | D:8      | Found a shimmering altar of Xom.
  7641 | D:9      | Found a staircase to the Lair.
  7766 | D:9      | Slain by a troll

Vault maps used:
D:1:      dpeg_arrival_signposts, okawaru_ov_weapons_minmay
D:2:      lemuel_blue_sif_altar, serial_glass, glass_columns_a, glass_columns_b,
          supply_closet_lemuel
D:3:      first_bread, ecumenical_altar_2, uniq_jessica
D:4:      lemuel_upstairs_altar, lemuel_round_altar,
          nicolae_ossuary_entry_monument, minmay_misc_feat_x, uniq_menkaure
D:5:      zin_purify, yredelemnul_forgotten_temple_becter, st_stairs_4
D:6:      minmay_klotski
D:8:      kennysheep_kobold_camp, nicolae_tso_besieged_by_evil, minitemple,
          kiku_gazebo_garden_becter, nicolae_ru_sacrificial_ziggurat, uniq_grum,
          uniq_pikel, uniq_joseph
D:9:      nicolae_overflow_crystal_walls, due_lair_maze_entry_diamond
Ossuary:  minmay_ossuary_two_tombs

Skill      XL: |  1  2  3  4  5  6  7  8  9 10 |
---------------+-------------------------------+-----
Fighting       | 4 5 7 9 |  9.5
Armour         | 4 5 7 8 |  8.9
Shields        | 4 5 6 |  6.9
Axes           | 3 4 5 6 8 9 10 | 10.5
Dodging        | 1 2 3 4 6 7 |  7.0
Stealth        | |  0.3

Action                   |  1- 3 |  4- 6 |  7- 9 | 10-12 || total
-------------------------+-------+-------+-------+-------++-------
Melee: War axe           |    89 |   202 |   128 |       ||   419
       Headbutt          |    10 |    47 |    55 |    27 ||   139
       Battleaxe         |       |       |   105 |   121 ||   226
  Use: Scroll            |       |     6 |    15 |       ||    21
       Potion            |       |       |     3 |       ||     3
  Eat: Meat ration       |       |     1 |     2 |       ||     3
       Bread ration      |       |     1 |     1 |       ||     2
Armor: Scale mail        |    42 |    96 |    89 |    54 ||   281
Dodge: Dodged            |    26 |    54 |   133 |   102 ||   315
Block: Shield            |    50 |    87 |    66 |       ||   203
